 Dungeon Crawl Stone Soup version 0.30-a0-634-g8abc85282e (webtiles) character file.

Game seed: 3169862464236851887

29 Leeroy the Slasher (level 3, -2/18 (21) HPs)
             Began as a Tengu Warper on Jan 14, 2023.
             Engulfed by a cloud of poison gas (5 damage)
             ... on level 2 of the Dungeon.
             The game lasted 00:01:41 (1083 turns).

Leeroy the Slasher (Tengu Warper)                   Turns: 1083, Time: 00:01:42

HP:   -2/18 (21)    AC:  6    Str: 11    XL:     3   Next: 16%
MP:   7/7           EV: 12    Int: 13    God:
Gold: 0             SH:  0    Dex: 15    Spells: 6/6 levels left

rFire   . . .      SeeInvis .    a - +0 falchion
rCold   . . .      Faith    .    (no shield)
rNeg    . . .      Spirit   .    b - +0 leather armour
rPois   .          Reflect  .    (helmet restricted)
rElec   .          Harm     .    (no cloak)
rCorr   .          Rampage  .    j - +2 pair of gloves
Will    .....                    (boots unavailable)
Stlth   +                        (no amulet)
HPRegen 0.23/turn                (no ring)
MPRegen 0.10/turn                (no ring)

@: lethally poisoned (-2 -> -26), heavily drained
A: beak, talons 3
a: no special abilities


You were on level 2 of the Dungeon.
You visited 1 branch of the dungeon, and saw 2 of its levels.

Inventory:

Hand Weapons
 a - a +0 falchion (weapon)
 g - a +0 rapier
Missiles
 d - 7 boomerangs of dispersal (quivered)
Armour
 b - a +0 leather armour (worn)
 j - a +2 pair of gloves (worn)
Scrolls
 c - a scroll of blinking
 e - a scroll of poison
 h - 2 scrolls of amnesia {unknown}
 i - a scroll of identify {unknown}
Potions
 f - 2 potions of curing {unknown}


   Skills:
 - Level 2.0 Fighting
 + Level 3.9 Long Blades
 - Level 1.0 Throwing
 - Level 1.1 Armour
 - Level 2.1 Dodging
 - Level 2.0 Spellcasting
 - Level 2.4 Translocations


You had 6 spell levels left.
You didn't know any spells.
Your spell library contained the following spells:

 Spells                   Type           Power      Damage    Failure   Level
 Blink                    Tloc           14%        N/A       19%         2
 Lesser Beckoning         Tloc           14%        N/A       36%         3
 Teleport Other           Tloc           7%         N/A       36%         3
 Vhi's Electric Charge    Tloc/Air       8%         N/A       52%         3
 Manifold Assault         Tloc           7%         N/A       77%         4


Dungeon Overview and Level Annotations

Branches:
Dungeon (2/15)

Altars:


Innate Abilities, Weirdness & Mutations

You have a beak for a mouth.
You have claws for feet.


Message History

The necrophage is lightly damaged.
The necrophage barely misses you. The bat closely misses you.
The necrophage misses you.
You closely miss the necrophage. Your kick misses the necrophage.
You peck the necrophage.
The necrophage is lightly damaged.
The necrophage hits you but does no damage.
You completely miss the necrophage. You claw the necrophage.
Your punch misses the necrophage.
The necrophage is moderately damaged.
The necrophage hits you but does no damage.
You completely miss the necrophage.
The necrophage is moderately damaged.
The necrophage hits you.
You are too injured to fight recklessly!
You are too injured to fight recklessly!
You are too injured to fight recklessly!
You are too injured to fight recklessly!
You are too injured to fight recklessly!
You closely miss the necrophage. Your kick misses the necrophage.
The necrophage is moderately damaged.
The necrophage hits you.
* * * LOW HITPOINT WARNING * * *
You feel drained.
* * * LOW HITPOINT WARNING * * *
There is an escape hatch in the floor here.
The necrophage attacks as you move away!
The necrophage hits you.
* * * LOW HITPOINT WARNING * * *
You feel drained.
You don't know any spells.
Unknown command.
Okay, then.
The air fills with toxic fumes!
As you read the scroll labelled BAECSI RYSTREY, it crumbles to dust.
It was a scroll of poison.
The necrophage barely misses you.
Really walk into that cloud of poison gas?
You are engulfed in poison gas.
You are lethally poisoned!
You die...

§§# #§# #§#
#§# #§# #§#
#####§#####
#§§§§§.@§§#
#§###n###§#
##b#.##.# #
#§###.#<#
#.#§†#.##.#
#.§...# #.#
+..§....# #.#
###§........#
.......##.##


You could see a necrophage and a bat.

Vanquished Creatures
  A ball python (D:1)
  2 endoplasms (D:1)
  4 giant cockroaches
  3 goblins (D:1)
  4 hobgoblins (D:1)
  2 kobolds (D:1)
  3 quokkas (D:1)
  2 bats
  2 rats (D:1)
23 creatures vanquished.

Notes
Turn   | Place    | Note
-------+----------+-------------------------------------------
     0 | D:1      | Leeroy the Tengu Warper began the quest for the Orb.
     0 | D:1      | Reached XP level 1. HP: 12/12 MP: 4/4
    32 | D:1      | Found a faded altar of an unknown god.
   184 | D:1      | Reached XP level 2. HP: 3/17 MP: 6/6
   188 | D:1      | Reached skill level 3 in Long Blades
   618 | D:1      | Reached XP level 3. HP: 18/21 MP: 7/7
  1065 | D:2      | Noticed a necrophage
  1083 | D:2      | Engulfed by a cloud of poison gas

Illustrated notes

Levels and vault maps discovered:
D:1:      dpeg_arrival_water_temple_mockup, layout_basic,
          ebering_ecumenical_altar_ruins, minmay_strange_pillars
D:2:      layout_loops_corners

Skill      XL: |  1  2 |
---------------+-------+-----
Long Blades    | 3 |  3.9
Fighting       | |  2.0
Throwing       | |  1.0
Armour         | |  1.1
Dodging        | |  2.1
Spellcasting   | |  2.0
Translocations | |  2.4

Action                   || total
-------------------------++-------
Melee: Falchion          ||    67
       Kick              ||    14
       Peck              ||    11
       Punch             ||     1
  Use: Scroll            ||     1
Armor: Leather armour    ||    27
Dodge: Dodged            ||    45

Table legend: (Time is in decaauts)
 A = Elapsed time spent in this place.
 B = Non-inter-level travel time spent in this place.
 C = Inter-level travel time spent in this place.
 D = Time resting spent in this place.
 E = Time spent auto-exploring this place.
 F = Levels seen in this place.
 G = Mean time per level.
                   A        B        C        D        E       F      G
               +--------+--------+--------+--------+--------+-----+--------+
         Total |   1091 |   1072 |     19 |      9 |    819 |   2 |  545.5 |
       Dungeon |   1091 |   1072 |     19 |      9 |    819 |   2 |  545.5 |
               +--------+--------+--------+--------+--------+-----+--------+

Top non-repeatable levels by time:
     D:1: 1055 daAuts
     D:2: 36 daAuts
